[Event "46th GRE-chT Premier 2018"]
[Site "Rio Achaia"]
[Date "2018.07.11"]
[Round "3"]
[White "Lagopatis, Nikolaos"]
[Black "Kalodoukas, Odysseas"]
[Result "1-0"]
[ECO "B18"]
[WhiteElo "2100"]
[BlackElo "2089"]
[Annotator "NA"]
[PlyCount "95"]
[EventDate "2018.07.10"]
[EventType "team-tourn"]
[EventCountry "GRE"]
[SourceTitle "playchess.com"]
[Source "ChessBase"]
[SourceQuality "1"]
[TimeControl "40/5400+30:1800+30"]

1. e4 c6 2. d4 d5 3. Nd2 dxe4 4. Nxe4 Bf5 5. Qf3 e6 6. c3 Be7 7. Bd3 Bg6 8. Ne2 Nf6 9. N2g3 Nbd7 10. Bf4 Nxe4 11. Nxe4 Nf6 12. Nxf6+ Bxf6 13. O-O-O Bg5 14. h4 Bxf4+ 15. Qxf4 Qd7 16. Qg5 Qe7 17. Qe5 Rg8 18. Qa5 Qd8 19. Qa4 Qd7 20. Rhe1 Bxd3 21. Rxd3 a6 22. Qa5 Qd5 23. Qc7 Qd7 24. Qb6 Rc8 25. Re5 Qc7 26. Qb3 Ke7 27. Rde3 Qd6 28. Qxb7+ Rc7 29. Qxa6 Rb8 30. Qc4 Rcb7 31. b4 Ra8 32. Re2 Rba7 33. Kb1 Ra3 34. f4 g6 35. g4 Kf8 36. f5 exf5 37. gxf5 Qf6 38. Qc5+ Kg7 39. R5e3 Qxh4 40. Qxc6 R3a6 41. Qd5 R8a7 42. fxg6 hxg6 43. Re8 Rf6 44. Qc5 Rf1+ 45. Kb2 Rd7 46. Qf8+ Kf6 47. R8e6+ Kg5 48. Rg2+ 1-0

[Event "46th GRE-chT Premier 2018"]
[Site "Rio Achaia"]
[Date "2018.07.11"]
[Round "3"]
[White "Manelidis, Savvas"]
[Black "Benatsis, Alexandros"]
[Result "1-0"]
[ECO "B01"]
[WhiteElo "2090"]
[BlackElo "1669"]
[Annotator "NA"]
[PlyCount "93"]
[EventDate "2018.07.10"]
[EventType "team-tourn"]
[EventCountry "GRE"]
[SourceTitle "playchess.com"]
[Source "ChessBase"]
[SourceQuality "1"]
[TimeControl "40/5400+30:1800+30"]

1. e4 d5 2. exd5 Nf6 3. Bb5+ Bd7 4. Be2 Nxd5 5. d4 Bf5 6. Nf3 e6 7. a3 Be7 8. c4 Nb6 9. O-O Bg4 10. Be3 Nc6 11. b3 Bf6 12. Nc3 a5 13. Ne4 Be7 14. h3 Bf5 15. Ng3 Bg6 16. d5 exd5 17. Bxb6 cxb6 18. cxd5 Na7 19. Ne5 O-O 20. f4 Bf6 21. Rc1 Bxe5 22. fxe5 Qg5 23. Bg4 Qe3+ 24. Kh2 Qxe5 25. a4 Rad8 26. Bf3 Nc8 27. Qe1 Qd6 28. Kh1 Rfe8 29. Qf2 Re5 30. Rfe1 Rde8 31. Rxe5 Qxe5 32. Qe2 Qxe2 33. Nxe2 Nd6 34. Rc7 Bf5 35. Nd4 Be4 36. Rd7 Bxf3 37. Nxf3 Ne4 38. Rxb7 f5 39. Rxb6 f4 40. h4 Rc8 41. Ng5 Ng3+ 42. Kh2 h6 43. Ne6 h5 44. Rc6 Rb8 45. d6 Rxb3 46. d7 Nf1+ 47. Kg1 1-0

[Event "46th GRE-chT Premier 2018"]
[Site "Rio Achaia"]
[Date "2018.07.11"]
[Round "3"]
[White "Serpetsidakis, Nikolaos"]
[Black "Paraskevas, Georgios"]
[Result "1-0"]
[ECO "D37"]
[WhiteElo "2087"]
[BlackElo "1634"]
[Annotator "NA"]
[PlyCount "65"]
[EventDate "2018.07.10"]
[EventType "team-tourn"]
[EventCountry "GRE"]
[SourceTitle "playchess.com"]
[Source "ChessBase"]
[SourceQuality "1"]
[TimeControl "40/5400+30:1800+30"]

1. d4 d5 2. c4 e6 3. Nc3 Nf6 4. Nf3 Be7 5. Bf4 O-O 6. e3 b6 7. h3 a6 8. cxd5 exd5 9. Bd3 h6 10. O-O Be6 11. Qe2 c5 12. Ne5 c4 13. Bc2 b5 14. a3 Nfd7 15. Rad1 Nxe5 16. dxe5 b4 17. axb4 Bxb4 18. Nxd5 Bxd5 19. e4 Be6 20. Rxd8 Rxd8 21. Ba4 Nd7 22. Bc6 Rab8 23. Bd5 Nb6 24. Bxe6 fxe6 25. Qg4 Kf7 26. Qh5+ g6 27. Qxh6 Rh8 28. Qg5 Be7 29. Qg3 Na4 30. Bg5 Rhf8 31. Bxe7 Kxe7 32. Qa3+ Kf7 33. Qxa4 1-0

[Event "46th GRE-chT Premier 2018"]
[Site "Rio Achaia"]
[Date "2018.07.11"]
[Round "3"]
[White "Zisiadis, Dimitrios"]
[Black "Patrelakis, Evaggelos"]
[Result "0-1"]
[ECO "A05"]
[WhiteElo "2075"]
[BlackElo "2285"]
[Annotator "NA"]
[PlyCount "54"]
[EventDate "2018.07.10"]
[EventType "team-tourn"]
[EventCountry "GRE"]
[SourceTitle "playchess.com"]
[Source "ChessBase"]
[SourceQuality "1"]
[TimeControl "40/5400+30:1800+30"]

1. Nf3 Nf6 2. g3 g6 3. Bg2 Bg7 4. O-O d6 5. c4 O-O 6. Nc3 e5 7. d3 c6 8. Rb1 Re8 9. b4 d5 10. cxd5 cxd5 11. Bg5 h6 12. Bxf6 Bxf6 13. e4 dxe4 14. dxe4 Nc6 15. Nd5 Be6 16. Nxf6+ Qxf6 17. Qd2 Kg7 18. b5 Red8 19. Qe3 Nd4 20. Nxd4 exd4 21. Qd2 d3 22. f4 Qd4+ 23. Kh1 Rac8 24. Rb4 Qc3 25. Rb2 Qxd2 26. Rxd2 Rc2 27. Rfd1 Bg4 0-1

[Event "46th GRE-chT Premier 2018"]
[Site "Rio Achaia"]
[Date "2018.07.11"]
[Round "3"]
[White "Fragkos, Vasilios"]
[Black "Vasiliadis, Anastasios"]
[Result "1/2-1/2"]
[ECO "A40"]
[WhiteElo "2066"]
[BlackElo "1997"]
[Annotator "NA"]
[PlyCount "79"]
[EventDate "2018.07.10"]
[EventType "team-tourn"]
[EventCountry "GRE"]
[SourceTitle "playchess.com"]
[Source "ChessBase"]
[SourceQuality "1"]
[TimeControl "40/5400+30:1800+30"]

1. d4 Nf6 2. c4 e6 3. g3 Bb4+ 4. Bd2 Qe7 5. Bg2 O-O 6. e4 Bxd2+ 7. Qxd2 d6 8. Nc3 e5 9. dxe5 dxe5 10. Nge2 c6 11. Rd1 Be6 12. b3 Na6 13. O-O Rfd8 14. Qg5 Bg4 15. f3 Bh5 16. Qe3 Qc5 17. Kf2 h6 18. Qxc5 Nxc5 19. Ke3 Kf8 20. Bh3 Ke7 21. Bf5 g6 22. Bh3 g5 23. Bf5 Bg6 24. Bxg6 fxg6 25. h3 Rxd1 26. Rxd1 Rd8 27. Rxd8 Kxd8 28. f4 gxf4+ 29. gxf4 exf4+ 30. Nxf4 g5 31. Nfe2 Ne6 32. e5 Nd7 33. Ke4 Ke7 34. Kf5 Kf7 35. b4 Nb6 36. c5 Nc4 37. Ke4 Nd2+ 38. Ke3 Nc4+ 39. Ke4 Nd2+ 40. Ke3 1/2-1/2

[Event "46th GRE-chT Premier 2018"]
[Site "Rio Achaia"]
[Date "2018.07.11"]
[Round "3"]
[White "Rousis, Mihail"]
[Black "Balokas, Dimitrios"]
[Result "1/2-1/2"]
[ECO "B13"]
[WhiteElo "2048"]
[BlackElo "2259"]
[Annotator "NA"]
[PlyCount "60"]
[EventDate "2018.07.10"]
[EventType "team-tourn"]
[EventCountry "GRE"]
[SourceTitle "playchess.com"]
[Source "ChessBase"]
[SourceQuality "1"]
[TimeControl "40/5400+30:1800+30"]

1. e4 c6 2. d4 d5 3. exd5 cxd5 4. Bd3 Nc6 5. c3 Nf6 6. Bf4 g6 7. h3 Bg7 8. Nd2 O-O 9. Ngf3 Nd7 10. O-O e5 11. dxe5 Ndxe5 12. Bc2 Nxf3+ 13. Nxf3 d4 14. Bg5 Qb6 15. cxd4 Nxd4 16. Nxd4 Bxd4 17. Bb3 Be6 18. Bxe6 fxe6 19. Qe2 Rf5 20. Be3 Bxe3 21. Qxe3 Qxe3 22. fxe3 Rc8 23. Rad1 Rc7 24. Rd2 Rxf1+ 25. Kxf1 Kf7 26. Ke2 Kf6 27. Kf3 Ke5 28. Rd4 Rf7+ 29. Ke2 Rc7 30. Kf3 Rf7+ {[%emt 0:02:25] Ke4+} 1/2-1/2

[Event "46th GRE-chT Premier 2018"]
[Site "Rio Achaia"]
[Date "2018.07.11"]
[Round "3"]
[White "Skalkotas, Nikolaos"]
[Black "Tzintzios, Georgios"]
[Result "1-0"]
[ECO "D71"]
[WhiteElo "2044"]
[BlackElo "2186"]
[Annotator "NA"]
[PlyCount "115"]
[EventDate "2018.07.10"]
[EventType "team-tourn"]
[EventCountry "GRE"]
[SourceTitle "playchess.com"]
[Source "ChessBase"]
[SourceQuality "1"]
[TimeControl "40/5400+30:1800+30"]

1. d4 Nf6 2. c4 g6 3. g3 Bg7 4. Bg2 d5 5. cxd5 Nxd5 6. Nc3 Nxc3 7. bxc3 O-O 8. Rb1 c5 9. Rxb7 Bxb7 10. Bxb7 Nd7 11. Bxa8 Qxa8 12. Nf3 e5 13. O-O cxd4 14. cxd4 e4 15. Nd2 h5 16. e3 Nf6 17. Ba3 Re8 18. Nc4 h4 19. Qe2 Qd5 20. Rb1 Rc8 21. Nd6 Rc6 22. Rb8+ Kh7 23. Rb5 Qe6 24. Re5 Qd7 25. Nxe4 Nd5 26. Nc5 Qd8 27. Qb5 Bxe5 28. Qxc6 hxg3 29. hxg3 Bxg3 30. Ne4 Bh4 31. Bd6 Nf6 32. Bc7 Qc8 33. Nxf6+ Bxf6 34. Qxf6 Qxc7 35. d5 Qd7 36. d6 Kg8 37. Kh2 Qg4 38. f3 Qb4 39. Kh3 Qb6 40. Qe7 Qc5 41. Kg3 Kg7 42. f4 Qc1 43. Qe5+ Kh7 44. Kh4 Qd2 45. a4 f6 46. Qe7+ Kh6 47. Qf8+ Kh7 48. Qe7+ Kh6 49. Kg3 Qe1+ 50. Kf3 Qd1+ 51. Ke4 Qxa4+ 52. Kd5 Qb3+ 53. Kc6 Qb6+ 54. Kd7 Qb7+ 55. Ke8 Qc8+ 56. Kf7 Qc4+ 57. Qe6 Qd3 58. Qh3# 1-0

[Event "46th GRE-chT Premier 2018"]
[Site "Rio Achaia"]
[Date "2018.07.11"]
[Round "3"]
[White "Gkogkas, Dimitrios"]
[Black "Vragoteris, Antonios"]
[Result "1/2-1/2"]
[ECO "A05"]
[WhiteElo "2038"]
[BlackElo "2160"]
[Annotator "NA"]
[PlyCount "56"]
[EventDate "2018.07.10"]
[EventType "team-tourn"]
[EventCountry "GRE"]
[SourceTitle "playchess.com"]
[Source "ChessBase"]
[SourceQuality "1"]
[TimeControl "40/5400+30:1800+30"]

1. Nf3 Nf6 2. d4 e6 3. g3 c5 4. Bg2 cxd4 5. Nxd4 d5 6. O-O e5 7. Nf3 Nc6 8. b3 h6 9. Bb2 Bd6 10. c4 d4 11. Na3 a6 12. Rc1 Qe7 13. Nc2 Bf5 14. Ncxd4 exd4 15. Nxd4 Nxd4 16. Qxd4 Rd8 17. Qb6 Bc8 18. c5 Bc7 19. Bxf6 gxf6 20. Qb4 b5 21. Rc3 f5 22. Re3 Be6 23. Qc3 Rg8 24. Qb4 Rh8 25. Qc3 Rg8 26. Qb4 Rh8 27. Qc3 Rg8 28. Qb4 Rh8 1/2-1/2

[Event "46th GRE-chT Premier 2018"]
[Site "Rio Achaia"]
[Date "2018.07.11"]
[Round "3"]
[White "Georgakopoulos, Nikolaos K"]
[Black "Stamatis, Ioannis"]
[Result "1-0"]
[ECO "B12"]
[WhiteElo "2033"]
[BlackElo "1777"]
[Annotator "NA"]
[PlyCount "145"]
[EventDate "2018.07.10"]
[EventType "team-tourn"]
[EventCountry "GRE"]
[SourceTitle "playchess.com"]
[Source "ChessBase"]
[SourceQuality "1"]
[TimeControl "40/5400+30:1800+30"]

1. e4 c6 2. d4 d5 3. e5 Bf5 4. h4 h5 5. Bd3 Bxd3 6. Qxd3 e6 7. Nf3 Nd7 {[%emt 0:00:39] B12: Caro-Kann: Advance Variation} 8. Bg5 Ne7 9. O-O Qb6 10. Nbd2 Nf5 11. c4 Qa6 12. a3 (12. Qc3 Nb6 13. b3 Qa3 14. Qc2 Be7 {1-0 (39) Anton Guijarro,D (2627)-Le,Q (2718) Almaty 2016}) 12... Nb6 13. b3 Be7 14. Bxe7 Nxe7 15. Qc2 $146 Nf5 16. c5 Nd7 17. b4 b6 18. Nb3 Qa4 19. Qc3 O-O 20. Rfc1 Rfc8 21. g3 g6 22. Ne1 bxc5 23. dxc5 Rd8 24. Nf3 Rab8 25. Re1 Nf8 26. Nfd4 Nxd4 27. Nxd4 Rdc8 28. Nb3 Nd7 29. Na5 a6 30. Reb1 Rb5 31. Nb3 Rbb8 32. Re1 Nf8 33. Kg2 Nd7 34. Qe3 Kg7 35. Nd4 a5 36. Reb1 Rb7 37. b5 Nxc5 38. bxc6 Rxb1 39. Rxb1 Rxc6 40. Nxc6 Qxc6 41. Qd4 Ne4 42. a4 Qc3 43. Qxc3 Nxc3 44. Ra1 Kf8 45. Kf1 Ke7 46. Ke1 f6 47. exf6+ Kxf6 48. Kd2 d4 49. Kd3 e5 50. f4 Kf5 51. fxe5 Kxe5 52. Re1+ (52. Kc4 $142) 52... Kd5 53. Re8 Nxa4 54. Rd8+ Ke5 55. Re8+ Kd5 56. Rg8 Nc5+ 57. Ke2 d3+ 58. Ke3 Kc4 $2 (58... a4 $11) 59. Rxg6 a4 60. g4 hxg4 61. Rxg4+ Kc3 62. h5 d2 63. Rd4 Nb3 64. Rd8 Kc2 65. h6 a3 66. h7 a2 67. h8=Q a1=Q 68. Rxd2+ Nxd2 69. Qxa1 Nc4+ 70. Kd4 Nd2 71. Qa2+ Kc1 72. Kd3 Nb3 73. Qc2# 1-0

[Event "46th GRE-chT Premier 2018"]
[Site "Rio Achaia"]
[Date "2018.07.11"]
[Round "3"]
[White "Abelakiotis, Stavros"]
[Black "Alexakis, Dimitris"]
[Result "0-1"]
[ECO "B31"]
[WhiteElo "2029"]
[BlackElo "2232"]
[Annotator "NA"]
[PlyCount "120"]
[EventDate "2018.07.10"]
[EventType "team-tourn"]
[EventCountry "GRE"]
[SourceTitle "playchess.com"]
[Source "ChessBase"]
[SourceQuality "1"]
[TimeControl "40/5400+30:1800+30"]

1. e4 c5 2. Nf3 Nc6 3. Bb5 g6 4. Bxc6 bxc6 5. O-O Bg7 6. Re1 Rb8 {[%emt 0:00:07] B31: Sicilian: 2...Nc6 3 Bb5 g6} (6... Nh6 7. c3 O-O 8. d4 cxd4 9. cxd4 d5 10. e5 f6 11. Qc2 Bg4 12. Nbd2 Qb6 13. h3 fxe5 14. hxg4 Nxg4 15. Nc4 dxc4 16. Qxc4+ Kh8 17. Qe6 Rf5 {½-½ (64) Vidit,S (2707)-Gelfand,B (2695) Poikovsky 2018}) 7. Nc3 e5 8. d3 Ne7 9. Rb1 O-O $146 ({Predecessor:} 9... d6 10. Be3 O-O 11. Qd2 f5 12. Bh6 f4 13. Bxg7 Kxg7 14. Kh1 {½-½ (39) Abelakiotis,S (1861)-Spyropoulos,N (2229) Athens 2017}) 10. a3 a5 11. Nd2 f5 12. exf5 gxf5 13. Nc4 Qc7 14. Na4 d5 15. Nd2 f4 16. Nxc5 Ng6 17. Kh1 f3 18. gxf3 Qe7 19. b4 Qh4 20. Rg1 Bh3 21. Rg3 axb4 22. axb4 Kh8 23. Qg1 Bf6 24. Rxh3 Qxh3 25. Qg4 Nf4 26. Ba3 Rg8 27. Qxh3 Nxh3 28. Rf1 Ra8 29. Nd7 Bh4 30. Bb2 h5 31. Bxe5+ Kh7 32. Bg3 Bg5 33. Nb3 Rg7 34. Ndc5 Re8 35. Nd4 h4 36. Kg2 hxg3 37. fxg3 Be3 38. Nce6 Nf4+ 39. Nxf4 Bxd4 40. Rb1 Be5 41. Ne2 Rb7 42. Kf2 Bd6 43. c3 Ra7 44. Rb2 Ra1 45. f4 Rd1 46. d4 Kg6 47. Rc2 Kf5 48. Kf3 Rd3+ 49. Kf2 Ree3 50. c4 Bxb4 51. cxd5 cxd5 52. Rc8 Re6 53. Rd8 Ke4 54. f5 Rf3+ 55. Kg2 Rxf5 56. g4 Rf8 57. Rd7 Re7 58. Ng3+ $19 Kxd4 59. Nf5+ Rxf5 60. Rxe7 Bxe7 0-1

[Event "46th GRE-chT Premier 2018"]
[Site "Rio Achaia"]
[Date "2018.07.11"]
[Round "3"]
[White "Petrakis, Stylianos"]
[Black "Gkikas, Vasilios"]
[Result "1/2-1/2"]
[ECO "C07"]
[WhiteElo "2024"]
[BlackElo "1892"]
[Annotator "NA"]
[PlyCount "80"]
[EventDate "2018.07.10"]
[EventType "team-tourn"]
[EventCountry "GRE"]
[SourceTitle "playchess.com"]
[Source "ChessBase"]
[SourceQuality "1"]
[TimeControl "40/5400+30:1800+30"]

1. e4 e6 2. d4 d5 3. Nd2 c5 4. exd5 Qxd5 5. dxc5 Qxc5 6. Ngf3 Nf6 7. Bd3 Be7 8. O-O O-O 9. Qe2 Qc7 10. Nc4 Nbd7 11. c3 b6 12. Nce5 Nxe5 13. Nxe5 Bb7 14. Bf4 Bd6 15. Bg3 Rad8 16. Rad1 Bd5 17. c4 Bb7 18. Bb1 Qc5 19. b3 Bc7 20. Rfe1 Rxd1 21. Rxd1 Rd8 22. Rxd8+ Bxd8 23. Qd3 Qc8 24. f3 Be7 25. Ng4 g6 26. Nf2 Nd7 27. Kf1 Nc5 28. Qc3 Qd8 29. Ke2 Bf6 30. Be5 Bxe5 31. Qxe5 f6 32. Qe3 e5 33. Be4 Bxe4 34. Nxe4 Ne6 35. Nc3 Nf4+ 36. Kf2 Kg7 37. g3 Ne6 38. Nd5 Qd6 39. h4 Qa3 40. Qd2 Qc5+ 1/2-1/2

[Event "46th GRE-chT Premier 2018"]
[Site "Rio Achaia"]
[Date "2018.07.11"]
[Round "3"]
[White "Sgouros, Apostolos"]
[Black "Papahristoudis, Anastasios"]
[Result "1-0"]
[ECO "D30"]
[WhiteElo "2024"]
[BlackElo "2012"]
[Annotator "NA"]
[PlyCount "71"]
[EventDate "2018.07.10"]
[EventType "team-tourn"]
[EventCountry "GRE"]
[SourceTitle "playchess.com"]
[Source "ChessBase"]
[SourceQuality "1"]
[TimeControl "40/5400+30:1800+30"]

1. d4 Nf6 2. Nf3 d5 3. c4 e6 4. Bg5 Bb4+ 5. Nc3 Nbd7 6. e3 h6 7. Bh4 O-O 8. Qc2 c6 9. Bd3 dxc4 10. Bxc4 b5 11. Bd3 a6 12. O-O c5 13. a3 Bxc3 14. bxc3 Bb7 15. Ne5 Qb6 16. Nxd7 Nxd7 17. Bh7+ Kh8 18. Be4 cxd4 19. cxd4 Rfc8 20. Qd3 Rc4 21. a4 Rac8 22. Bxb7 Qxb7 23. axb5 axb5 24. Rfb1 Qc6 25. h3 Nb6 26. Be7 Na4 27. Bb4 Qd5 28. Qe2 Rc2 29. Qf3 Qd7 30. Qe4 R8c4 31. Bc5 Qc7 32. g3 g6 33. Qa8+ Kh7 34. Qf8 Qd7 35. Be7 Rc8 36. Qxf7+ 1-0

[Event "46th GRE-chT Premier 2018"]
[Site "Rio Achaia"]
[Date "2018.07.11"]
[Round "3"]
[White "Chatzieleftheriou, Andreas"]
[Black "Triantos, Konstantinos"]
[Result "1/2-1/2"]
[ECO "B52"]
[WhiteElo "2012"]
[BlackElo "2078"]
[Annotator "NA"]
[PlyCount "86"]
[EventDate "2018.07.10"]
[EventType "team-tourn"]
[EventCountry "GRE"]
[SourceTitle "playchess.com"]
[Source "ChessBase"]
[SourceQuality "1"]
[TimeControl "40/5400+30:1800+30"]

1. e4 c5 2. Nf3 d6 3. Bb5+ Bd7 4. Bxd7+ Qxd7 5. c4 Nc6 6. Nc3 g6 7. d4 cxd4 8. Nxd4 Bg7 9. Be3 Nf6 10. f3 O-O 11. O-O Rac8 12. b3 e6 13. Rc1 Rfd8 14. Nxc6 bxc6 15. Qd2 Qb7 16. Qf2 Nd7 17. Rfd1 d5 18. Na4 dxc4 19. bxc4 Qb4 20. Qc2 Ne5 21. Bc5 Rxd1+ 22. Qxd1 Qa5 23. Bd6 c5 24. f4 Rd8 25. fxe5 Bxe5 26. Bxe5 Rxd1+ 27. Rxd1 f6 28. Bxf6 Qxa4 29. Rd8+ Kf7 30. e5 h5 31. h4 g5 32. hxg5 Qxc4 33. Rh8 Kg6 34. Rg8+ Kf5 35. g6 Qd4+ 36. Kh2 Qf4+ 37. Kg1 Qe3+ 38. Kh2 Qf4+ 39. Kg1 Kg4 40. Rb8 Qc1+ 41. Kh2 c4 42. g7 Qf4+ 43. Kg1 Qc1+ {[%emt 0:00:08] Ra8} 1/2-1/2

[Event "46th GRE-chT Premier 2018"]
[Site "Rio Achaia"]
[Date "2018.07.11"]
[Round "3"]
[White "Loutragotis, Paraskevas Pantelei"]
[Black "Stefan, Victor"]
[Result "1/2-1/2"]
[ECO "B19"]
[WhiteElo "1980"]
[BlackElo "2102"]
[Annotator "NA"]
[PlyCount "234"]
[EventDate "2018.07.10"]
[EventType "team-tourn"]
[EventCountry "GRE"]
[SourceTitle "playchess.com"]
[Source "ChessBase"]
[SourceQuality "1"]
[TimeControl "40/5400+30:1800+30"]

1. e4 c6 2. d4 d5 3. Nd2 dxe4 4. Nxe4 Bf5 5. Ng3 Bg6 6. h4 h6 7. Nf3 Nd7 8. h5 Bh7 9. Bd3 Bxd3 10. Qxd3 e6 11. Bd2 Ngf6 12. O-O-O Be7 13. c4 O-O 14. Ne4 b5 15. c5 Nxc5 16. Nxc5 Bxc5 17. Bxh6 gxh6 18. dxc5 Qxd3 19. Rxd3 Rfd8 20. Rhd1 Rd5 21. Rxd5 cxd5 22. Nd4 Rc8 23. b4 a6 24. Kd2 Kf8 25. f3 Ke7 26. g4 Kd7 27. Re1 Rg8 28. a4 bxa4 29. Ra1 Kc7 30. Rxa4 Kb7 31. Kc3 Rc8 32. Ra1 Nd7 33. Re1 a5 34. Kb3 Kc7 35. c6 Nb6 36. Nb5+ Kd8 37. c7+ Kd7 38. bxa5 Nc4 39. Kb4 f6 40. f4 Rg8 41. Rg1 Ne3 42. Kc5 e5 43. fxe5 fxe5 44. g5 hxg5 45. h6 g4 46. h7 Rh8 47. Kb6 Nc4+ 48. Ka7 Kc6 49. Ka6 Ra8+ 50. Na7+ Kxc7 51. Rxg4 Rh8 52. Rg7+ Kd6 53. Kb5 Nxa5 54. Kxa5 Ke6 55. Nc6 Kf6 56. Rd7 e4 57. Kb4 Kg6 58. Ne5+ Kf6 59. Ng4+ Kg6 60. Rxd5 Rxh7 61. Kc4 Ra7 62. Ne5+ Kf6 63. Kd4 Ra4+ 64. Ke3 Ke6 65. Rb5 Ra3+ 66. Kxe4 Ra4+ 67. Ke3 Kf6 68. Nf3 Ra3+ 69. Ke4 Ra4+ 70. Nd4 Kg6 71. Rd5 Kf6 72. Rf5+ Kg6 73. Rf2 Kg5 74. Kd5 Ra5+ 75. Kd6 Ra6+ 76. Nc6 Kg4 77. Rf6 Kg5 78. Ke7 Rb6 79. Kf7 Rb7+ 80. Ne7 Ra7 81. Rf1 Kg4 82. Kf6 Kg3 83. Nd5 Ra8 84. Ke5 Re8+ 85. Kd4 Rd8 86. Ke4 Re8+ 87. Kf5 Kg2 88. Rf4 Rf8+ 89. Nf6 Kg3 90. Kg5 Ra8 91. Ne4+ Kg2 92. Rf2+ Kg1 93. Rb2 Rg8+ 94. Kf4 Rf8+ 95. Kg4 Rg8+ 96. Kf3 Rf8+ 97. Ke3 Re8 98. Re2 Kf1 99. Rf2+ Kg1 100. Rf4 Kg2 101. Rg4+ Kf1 102. Kf3 Rf8+ 103. Ke3 Re8 104. Rf4+ Kg2 105. Ke2 Re7 106. Rg4+ Kh3 107. Rf4 Kg2 108. Ke3 Re8 109. Rg4+ Kf1 110. Rg6 Re7 111. Kf3 Rf7+ 112. Nf6 Ke1 113. Ke3 Kd1 114. Ne4 Kc2 115. Rc6+ Kb2 116. Rb6+ Kc2 117. Rc6+ Kb2 1/2-1/2

[Event "46th GRE-chT Premier 2018"]
[Site "Rio Achaia"]
[Date "2018.07.11"]
[Round "3"]
[White "Boviatsis, Charalampos"]
[Black "Gkonelas, Nikolaos"]
[Result "1-0"]
[ECO "C60"]
[WhiteElo "1979"]
[BlackElo "1917"]
[Annotator "NA"]
[PlyCount "105"]
[EventDate "2018.07.10"]
[EventType "team-tourn"]
[EventCountry "GRE"]
[SourceTitle "playchess.com"]
[Source "ChessBase"]
[SourceQuality "1"]
[TimeControl "40/5400+30:1800+30"]

1. e4 e5 2. Nf3 Nc6 3. Bb5 Nge7 4. O-O g6 5. d4 exd4 6. Nxd4 Bg7 7. Nxc6 bxc6 8. Bd3 O-O 9. c3 d6 10. Re1 Be6 11. Bg5 Qd7 12. Nd2 f6 13. Bh4 Rfe8 14. Qc2 g5 15. Bg3 Ng6 16. Rad1 Ne5 17. Be2 Bh6 18. Nb3 Qe7 19. Nd4 Bd7 20. Bh5 Reb8 21. Nf5 Bxf5 22. exf5 Rb6 23. b3 a5 24. Re3 Qf8 25. c4 c5 26. Rde1 a4 27. Bf3 axb3 28. Bd5+ Kh8 29. axb3 c6 30. Be6 Rba6 31. Qc3 Qb8 32. Bxe5 fxe5 33. g4 Bg7 34. Kg2 Qb4 35. Qd3 Rd8 36. h4 Bf6 37. hxg5 Bxg5 38. Rh1 Ra7 39. Reh3 Qb7 40. f6 Bxf6 41. Qg6 Rf8 42. Bg8 Bh4 43. Rxh4 Rxf2+ 44. Kxf2 Ra2+ 45. Ke3 Qxb3+ 46. Qd3 Qxd3+ 47. Kxd3 Kxg8 48. Rxh7 d5 49. Rc7 e4+ 50. Ke3 Ra3+ 51. Kf4 Rf3+ 52. Kg5 d4 53. Kg6 1-0

[Event "46th GRE-chT Premier 2018"]
[Site "Rio Achaia"]
[Date "2018.07.11"]
[Round "3"]
[White "Fragkou, Eleni"]
[Black "Ivanova, Simoneta"]
[Result "0-1"]
[ECO "B07"]
[WhiteElo "1979"]
[BlackElo "2091"]
[Annotator "NA"]
[PlyCount "46"]
[EventDate "2018.07.10"]
[EventType "team-tourn"]
[EventCountry "GRE"]
[SourceTitle "playchess.com"]
[Source "ChessBase"]
[SourceQuality "1"]
[TimeControl "40/5400+30:1800+30"]

1. e4 d6 2. d4 Nf6 3. Nc3 Nbd7 4. f4 e5 5. Nf3 exd4 6. Qxd4 c6 7. Be3 d5 8. exd5 Bc5 9. Qd3 O-O 10. O-O-O Qb6 11. Nd4 Nxd5 12. Nxd5 cxd5 13. g4 Nf6 14. h3 Ne4 15. Bg2 Bd7 16. Rhe1 Rfe8 17. Bg1 Qc7 18. Rf1 Rac8 19. Kb1 a6 20. Rde1 Bxd4 21. Bxe4 dxe4 22. Qxd4 Qxc2+ 23. Ka1 Bb5 0-1

[Event "46th GRE-chT Premier 2018"]
[Site "Rio Achaia"]
[Date "2018.07.11"]
[Round "3"]
[White "Sourgkounis, Angelos"]
[Black "Papadopoulos, Panayotis"]
[Result "0-1"]
[ECO "A05"]
[WhiteElo "1976"]
[BlackElo "2189"]
[Annotator "NA"]
[PlyCount "124"]
[EventDate "2018.07.10"]
[EventType "team-tourn"]
[EventCountry "GRE"]
[SourceTitle "playchess.com"]
[Source "ChessBase"]
[SourceQuality "1"]
[TimeControl "40/5400+30:1800+30"]

1. Nf3 Nf6 2. c4 d6 3. Nc3 e5 4. d3 Be7 5. g3 O-O 6. Bg2 Nbd7 7. O-O c6 8. a3 Re8 9. b4 d5 10. e4 dxc4 11. dxc4 Qc7 12. Qe2 a5 13. Rb1 axb4 14. axb4 Nf8 15. Rd1 Bg4 16. Be3 Ne6 17. Qb2 Bxf3 18. Bxf3 Red8 19. c5 h5 20. Ra1 Rxa1 21. Qxa1 Ng4 22. Qc1 Nxe3 23. Qxe3 Bg5 24. Qe1 g6 25. Bg2 Nd4 26. Ne2 Nc2 27. Rxd8+ Qxd8 28. Qc3 Qd1+ 29. Bf1 Ne1 30. h4 Bd2 31. Qc4 Nf3+ 32. Kg2 Nh2 33. Ng1 Nxf1 34. b5 Nxg3 35. fxg3 Qc1 36. Qxc1 Bxc1 37. bxc6 bxc6 38. Nf3 f6 39. Ne1 Kf7 40. Nd3 Bd2 41. Kf3 Ke6 42. Ke2 Bc3 43. Nc1 Kd7 44. Kf3 Kc7 45. Nd3 Kb7 46. g4 Ka6 47. gxh5 gxh5 48. Ke2 Bd4 49. Kf3 Kb5 50. Nc1 Bc3 51. Kf2 Bd4+ 52. Kf3 Bxc5 53. Ne2 Bb4 54. Kf2 c5 55. Ng3 c4 56. Ke2 Ka4 57. Nxh5 c3 58. Kd3 Kb3 59. Ng3 c2 60. Ne2 Bf8 61. Ke3 Bh6+ 62. Kf3 Kc4 0-1

[Event "46th GRE-chT Premier 2018"]
[Site "Rio Achaia"]
[Date "2018.07.11"]
[Round "3"]
[White "Moshovakis, Aggelos"]
[Black "Tsaknakis, Zisis"]
[Result "0-1"]
[ECO "B51"]
[WhiteElo "1964"]
[BlackElo "2170"]
[Annotator "NA"]
[PlyCount "132"]
[EventDate "2018.07.10"]
[EventType "team-tourn"]
[EventCountry "GRE"]
[SourceTitle "playchess.com"]
[Source "ChessBase"]
[SourceQuality "1"]
[TimeControl "40/5400+30:1800+30"]

1. e4 c5 2. Nf3 d6 3. Bb5+ Nd7 4. c3 Ngf6 5. Qe2 a6 6. Ba4 b5 7. Bc2 Bb7 8. O-O e6 9. d4 Be7 10. Bf4 Qc7 11. Bd3 e5 12. Bg5 O-O 13. a4 h6 14. Bh4 exd4 15. cxd4 c4 16. Bc2 Rfe8 17. axb5 Nxe4 18. Bxe7 Rxe7 19. bxa6 Ndf6 20. Re1 Re6 21. Qd1 Rxa6 22. Rxa6 Bxa6 23. Nbd2 Nxd2 24. Qxd2 Rxe1+ 25. Qxe1 Bb7 26. Qe3 Qa5 27. Qe1 Qa2 28. Qb1 Qa7 29. Qd1 g6 30. Ne1 Qb6 31. b3 cxb3 32. Bxb3 Qb4 33. f3 Kg7 34. Kf2 Ba6 35. Ke3 Qc3+ 36. Nd3 h5 37. Ba2 Bxd3 38. Qxd3 Qe1+ 39. Qe2 Qg1+ 40. Kd3 Qxh2 41. Qe7 d5 42. Qe2 h4 43. Kd2 Qg1 44. Kc3 Qa1+ 45. Kd3 Qc1 46. Qd2 Qf1+ 47. Kc3 h3 48. gxh3 Qxf3+ 49. Qd3 Ne4+ 50. Kc2 Qg2+ 51. Kb1 Nf6 52. Bb3 Qf2 53. Kc1 Qe1+ 54. Kc2 Kf8 55. Qc3 Qf2+ 56. Kb1 Kg7 57. Qd3 Kh6 58. Kc1 Kg5 59. Qc3 Qf4+ 60. Kb1 Kh4 61. Ba2 Qf1+ 62. Kb2 Qg2+ 63. Kb1 Qxh3 64. Qe1+ Kg5 65. Kc1 Qa3+ 66. Kb1 Qd3+ 0-1